 Dungeon Crawl Stone Soup version 0.30-a0-313-gae38170b09 (webtiles) character file.

Game seed: 5608999388590468658

12370 Lobster4 the Cleaver (level 11, -10/151 HPs)
             Began as a Hill Orc Fighter on Oct 26, 2022.
             Was a High Priest of Uskayaw.
             Mangled by a gargoyle
             ... wielding a +0 flail
              (13 damage)
             ... in a Gauntlet.
             The game lasted 00:37:11 (12240 turns).

Lobster4 the Cleaver (Hill Orc Fighter)            Turns: 12240, Time: 00:37:11

Health: -10/151    AC: 22    Str: 24    XL:     11   Next: 92%
Magic:  17/17      EV:  7    Int:  8    God:    Uskayaw [*****.]
Gold:   271        SH:  7    Dex: 16    Spells: 10/10 levels left

rFire   + . .      SeeInvis +    a - +4 hand axe (elec)
rCold   + + .      Faith    .    c - +0 buckler
rNeg    . . .      Spirit   .    U - +3 plate armour
rPois   .          Reflect  .    M - +2 helmet {SInv}
rElec   .          Harm     .    p - scarf {rC+ rF+}
rCorr   .          Rampage  .    (no gloves)
Will    .....      NoTele   +    y - +0 pair of boots
Stlth   ..........               I - amulet of regeneration
HPRegen 1.25/turn                J - +6 ring of dexterity
MPRegen 0.15/turn                B - ring of protection from cold

@: mighty, berserking, very quick
A: no striking features
a: Renounce Religion, Stomp, Line Pass, Grand Finale


You were in a Gauntlet.
You worshipped Uskayaw.
Uskayaw was aware of your devotion.
You visited 2 branches of the dungeon, and saw 13 of its levels.
You also visited: Bailey and Gauntlet.

You collected 644 gold pieces.
You spent 373 gold pieces at shops.

Inventory:

Hand Weapons
 a - a +4 hand axe of electrocution (weapon)
 b - a +3 sling
 A - a +0 war axe of electrocution
 E - a +2 vorpal flail
 Q - a +1 sling of freezing
 T - a +1 hand axe of freezing
Missiles
 g - 82 stones
 i - 28 boomerangs
 v - 15 poisoned darts (quivered)
 G - a boomerang of dispersal
 W - 2 javelins
Armour
 c - a +0 buckler (worn)
 p - a scarf of resistance (worn)
 y - a +0 pair of boots (worn)
 L - a +1 cloak of preservation
 M - a +2 helmet of see invisible (worn)
 U - a +3 plate armour (worn)
Magical Staves
 t - a staff of cold
Jewellery
 w - a ring of fire
 B - a ring of protection from cold (right hand)
 I - an amulet of regeneration (around neck)
 J - a +6 ring of dexterity (left hand)
 P - a ring of flight
Wands
 m - a wand of mindburst (8)
 C - a wand of polymorph (11)
 D - a wand of paralysis (20)
 V - a wand of flame (19)
Scrolls
 f - a scroll of poison {unknown}
 h - 2 scrolls of blinking
 j - 2 scrolls of amnesia
 k - a scroll of summoning {unknown}
 l - 2 scrolls of fog
 n - 4 scrolls of silence
 z - a scroll of enchant armour {unknown}
 H - a scroll of fear {unknown}
 O - a scroll of enchant weapon
 S - a scroll of teleportation
Potions
 d - 5 potions of haste
 e - 3 potions of heal wounds
 o - a potion of invisibility
 q - 5 potions of brilliance
 s - 4 potions of curing
 u - a potion of flight
 x - 2 potions of magic
 K - a potion of might


   Skills:
 + Level 10.7 Fighting
 + Level 11.1 Axes
 - Level 4.0 Ranged Weapons
 - Level 1.0 Throwing
 + Level 9.8 Armour
 + Level 9.8 Shields
 + Level 9.1 Invocations


You had 10 spell levels left.
You didn't know any spells.
Your spell library contained the following spells:

 Spells                   Type           Power      Damage    Failure   Level
 Freeze                   Ice            0%         1d3       99%         1
 Necrotise                Necr           0%         1d4       99%         1
 Sandblast                Erth           0%         2d4       99%         1
 Ensorcelled Hibernation  Hex/Ice        0%         N/A       100%        2
 Passwall                 Tmut/Erth      0%         N/A       100%        2
 Frozen Ramparts          Ice            0%         1d1       100%        3
 Gell's Gravitas          Tloc           0%         N/A       100%        3
 Hailstorm                Conj/Ice       0%         3d3       100%        3
 Lesser Beckoning         Tloc           0%         N/A       100%        3
 Spider Form              Tmut/Pois      0%         N/A       100%        3
 Stone Arrow              Conj/Erth      0%         3d7       100%        3
 Teleport Other           Tloc           0%         N/A       100%        3
 Vampiric Draining        Necr           0%         2d6       100%        3
 Anguish                  Hex/Necr       0%         N/A       100%        4
 Leda's Liquefaction      Hex/Erth       0%         N/A       100%        4
 Agony                    Necr           0%         N/A       100%        5
 Lee's Rapid Deconstruct  Erth           0%         3d4*      100%        5
 Statue Form              Tmut/Erth      0%         N/A       100%        6


Dungeon Overview and Level Annotations

Branches:
Dungeon (12/15)            Temple (1/1) D:5            Lair (0/5) D:8
    Orc (0/2) D:9          Bailey (visited)         Gauntlet (1/1)

Altars:
Ashenzari
Cheibriados
Dithmenos
Elyvilon
Gozag
Kikubaaqudgha
Nemelex Xobeh
Qazlal
Ru
Sif Muna
Uskayaw
Wu Jian
Yredelemnul
Zin
The Shining One

Shops:
D:3 [==![

Portals:
Trove: D:11 (show slimy rune of Zot)

Annotations:
Gauntlet 11 transporters, 2 runed translucent doors, exclusion: obsidian statue


Message History

You hit the molten gargoyle.
The molten gargoyle is heavily damaged.
You hit the gargoyle but do no damage.
You hit the molten gargoyle but do no damage.
The molten gargoyle is heavily damaged.
You hit the gargoyle but do no damage.
The molten gargoyle hits you with a +0 flail!
* * * LOW HITPOINT WARNING * * *
You are engulfed in flames.
You resist.
* * * LOW HITPOINT WARNING * * *
The gargoyle barely misses you.
A red film seems to cover your vision as you go berserk!
You feel yourself moving faster!
You feel mighty!
The molten gargoyle hits you with a +0 flail.
* * * LOW HITPOINT WARNING * * *
You are engulfed in flames.
You resist.
* * * LOW HITPOINT WARNING * * *
The gargoyle hurls a stone arrow at you.
The stone arrow hits you!
* * * LOW HITPOINT WARNING * * *
Uskayaw links your audience in an emotional bond!
You hit the molten gargoyle but do no damage.
The molten gargoyle is heavily damaged.
You slash the gargoyle!
You hit the molten gargoyle but do no damage.
The molten gargoyle is severely damaged.
You barely miss the gargoyle. You block the gargoyle's attack.
The molten gargoyle hits you with a +0 flail!
* * * LOW HITPOINT WARNING * * *
You are engulfed in flames.
You resist.
* * * LOW HITPOINT WARNING * * *
You hit the molten gargoyle.
The molten gargoyle is almost destroyed.
You hit the gargoyle.
You destroy the molten gargoyle!
You are too berserk!
You hit the gargoyle.
The gargoyle is almost destroyed.
The gargoyle hits you with a +0 flail!
You die...

#########
################≈#≈#≈#≈#
##≈#≈#≈#§#≈#§#§#.........
#≈.........§§......∩..8..
##.8.....8.....8......©..
#§.......©.......########
##...#########...#B......
#≈...###)9...#...#s#^#.^.
##...###@###.#...#...###.
#§...#.#^.##.#...#.#...##
##§8.#..)©..§#.8.#.#^# ..
#≈...#.##.^#.#...#...###.
##...#.###)###...#^#.^^#^
#≈...#..?©)###...#.###..^
##...#########...#..=!©(.
#≈.....#.©.#.....########
##.8...#.8.#...8....#.©.#


You could see a gargoyle (pain bonded).

Vanquished Creatures
  An orc warlord (Bailey)
  A catoblepas (Gauntlet)
  2 molten gargoyles (Gauntlet)
  A gargoyle (Gauntlet)
  A kobold demonologist (D:9)
  2 komodo dragons
  2 trolls (D:11)
  Grinder (D:5)
  Prince Ribbit (D:9)
  2 shadows
  2 water elementals (D:11)
  8 yaks
  3 wyverns
  A steam dragon (D:8)
  2 vampire mosquitoes (D:11)
  3 wargs (D:8)
  2 acid dragons
  A water moccasin (D:7)
  2 black bears
  An ice beast (D:7)
  11 orc warriors
  3 sky beasts
  An ogre (D:7)
  3 centaurs
  2 phantoms
  A kobold brigand (D:7)
  Blork the orc (D:5)
  A gnoll sergeant (D:10)
  6 bullfrogs
  2 scorpions
  9 wights
  11 killer bees
  6 electric eels
  2 jellies
  2 hounds
  11 orc priests
  2 gnoll boudas
  Terence (D:2)
  8 orc wizards
  2 iguanas
  Robin (D:3)
  7 adders
  17 gnolls
  An ufetubus (D:6)
  4 worms
  5 dart slugs
  43 orcs
  A ball python (D:3)
  5 endoplasms
  2 giant cockroaches
  15 goblins
  9 hobgoblins
  9 jackals
  5 quokkas
  2 bats
  4 frilled lizards
  26 kobolds
  6 rats
286 creatures vanquished.

Vanquished Creatures (others)
  An unseen horror (D:11)
  11 plants
12 creatures vanquished.

Grand Total: 298 creatures vanquished

Notes
Turn   | Place    | Note
-------+----------+-------------------------------------------
     0 | D:1      | Lobster4 the Hill Orc Fighter began the quest for the Orb.
     0 | D:1      | Reached XP level 1. HP: 19/19 MP: 1/1
    29 | D:1      | Found a faded altar of an unknown god.
   125 | D:1      | Reached skill level 3 in Axes
   125 | D:1      | Reached XP level 2. HP: 27/27 MP: 2/2
   622 | D:1      | Reached XP level 3. HP: 29/33 MP: 3/3
  1088 | D:3      | Reached skill level 1 in Throwing
  1088 | D:3      | Reached XP level 4. HP: 5/41 MP: 4/4
  1261 | D:2      | Reached XP level 5. HP: 43/47 MP: 5/5
  1293 | D:2      | You fall into a shaft and drop 1 floor!
  1462 | D:2      | Reached skill level 4 in Axes
  1531 | D:2      | Noticed Terence
  1544 | D:2      | Killed Terence
  2058 | D:3      | Noticed Robin
  2124 | D:3      | Killed Robin
  2219 | D:3      | Found Fasyomn's Jewellery Boutique.
  2248 | D:3      | Found Vakheag's Jewellery Shop.
  2257 | D:3      | Found Hionkasu's Distillery.
  2263 | D:3      | Bought a potion of lignification for 36 gold pieces
  2263 | D:3      | Bought a potion of flight for 36 gold pieces
  2503 | D:3      | Found Voetsy's Armour Shop.
  2748 | D:3      | Reached XP level 6. HP: 55/55 MP: 6/6
  2991 | D:3      | Found Migetuw's Armour Shop.
  3100 | D:4      | Reached skill level 5 in Fighting
  3213 | D:4      | Found a snail-covered altar of Cheibriados.
  3318 | D:4      | Identified the +4 rapier "Ducsodoi" {venom, Contam rElec
                  | rN+}
  3486 | D:4      | Reached skill level 1 in Ranged Weapons
  3820 | D:5      | Entered Level 5 of the Dungeon
  3942 | D:5      | Noticed Grinder
  3952 | D:5      | Killed Grinder
  3953 | D:5      | Reached skill level 5 in Axes
  3953 | D:5      | Reached skill level 5 in Armour
  3953 | D:5      | Reached skill level 5 in Shields
  3953 | D:5      | Reached XP level 7. HP: 61/61 MP: 7/7
  4070 | D:5      | Found a staircase to the Ecumenical Temple.
  4077 | Temple   | Entered the Ecumenical Temple
  4085 | Temple   | Became a worshipper of Uskayaw the Reveller
  4109 | D:5      | Noticed Blork the orc
  4117 | D:5      | Killed Blork the orc
  4259 | D:5      | Reached * piety under Uskayaw
  4267 | D:5      | Reached ** piety under Uskayaw
  4339 | D:5      | Reached *** piety under Uskayaw
  4340 | D:5      | Reached XP level 8. HP: 53/70 MP: 8/8
  4347 | D:5      | Reached **** piety under Uskayaw
  4349 | D:5      | Reached skill level 6 in Axes
  5311 | D:6      | Reached skill level 1 in Invocations
  6170 | D:7      | Reached skill level 7 in Axes
  6248 | D:7      | Reached XP level 9. HP: 73/79 MP: 11/11
  6934 | D:8      | Reached skill level 8 in Axes
  6934 | D:8      | Reached ***** piety under Uskayaw
  7023 | D:7      | Reached skill level 5 in Invocations
  7339 | D:3      | Bought a +2 helmet of see invisible for 301 gold pieces
  7567 | D:8      | Found a staircase to the Lair.
  7625 | D:8      | Reached XP level 10. HP: 90/90 MP: 14/14
  7694 | D:8      | Found an opulent altar of Gozag.
  7694 | D:8      | Found a glowing silver altar of Zin.
  8028 | D:9      | Reached skill level 9 in Axes
  8127 | D:9      | Found a flagged portal.
  8139 | Bailey   | Entered a bailey
  8212 | Bailey   | Noticed an orc warlord
  8388 | Bailey   | Found a runed translucent gate.
  8391 | Bailey   | Found a runed translucent gate.
  8392 | Bailey   | Found a runed translucent gate.
  8722 | Bailey   | Killed an orc warlord
  8792 | Bailey   | Acquired a +1 cloak of preservation
  9136 | D:9      | Noticed Prince Ribbit
  9198 | D:9      | Killed Prince Ribbit
  9471 | D:9      | Noticed a kobold demonologist
  9473 | D:9      | Noticed a rust devil
  9474 | D:9      | Noticed a soul eater
  9746 | D:9      | Reached XP level 11. HP: 79/97 MP: 16/16
  9964 | D:9      | Reached skill level 10 in Axes
 10095 | D:9      | Found a staircase to the Orcish Mines.
 10494 | D:9      | Found an ancient bone altar of Kikubaaqudgha.
 10613 | D:10     | Entered Level 10 of the Dungeon
 10864 | D:10     | Found a sacrificial altar of Ru.
 11132 | D:11     | Reached skill level 10 in Fighting
 11274 | D:11     | Found a portal to a secret trove of treasure.
 11387 | D:11     | Found a shimmering blue altar of Sif Muna.
 12032 | D:12     | Found a gate leading to a gauntlet.
 12039 | Gauntlet | Entered a Gauntlet
 12039 | Gauntlet | Found a transporter.
 12044 | Gauntlet | Noticed an entropy weaver
 12045 | Gauntlet | Noticed a wretched star
 12046 | Gauntlet | Found a runed translucent door.
 12048 | Gauntlet | Found a transporter.
 12050 | Gauntlet | Found a runed translucent door.
 12060 | Gauntlet | Found a transporter.
 12064 | Gauntlet | Found a transporter.
 12073 | Gauntlet | Noticed an obsidian statue
 12076 | Gauntlet | Found a transporter.
 12094 | Gauntlet | Found a transporter.
 12097 | Gauntlet | Noticed a death yak
 12098 | Gauntlet | Noticed a death yak
 12099 | Gauntlet | Found a transporter.
 12099 | Gauntlet | Noticed a death yak
 12099 | Gauntlet | Noticed a death yak
 12103 | Gauntlet | Found a transporter.
 12106 | Gauntlet | Noticed a necromancer
 12130 | Gauntlet | Noticed a death drake
 12134 | Gauntlet | Found a transporter.
 12154 | Gauntlet | Found a transporter.
 12158 | Gauntlet | Found a transporter.
 12163 | Gauntlet | Noticed a catoblepas
 12170 | Gauntlet | Found a transporter.
 12223 | Gauntlet | Reached skill level 11 in Axes
 12226 | Gauntlet | Killed a catoblepas
 12238 | Gauntlet | HP: 5/151 [molten gargoyle/+0 flail (9)]
 12238 | Gauntlet | HP: 2/151 [molten gargoyle/+0 flail (3)]
 12240 | Gauntlet | Mangled by a gargoyle

Illustrated notes

Levels and vault maps discovered:
D:1:      eino_arrival_cavern_b, layout_basic, basic_ecumenical_altar,
          minmay_misc_feat_square, minivault_25, reono_crystal_passage
D:2:      layout_basic, uniq_terence
D:3:      cheibrodos_helix_gallery, layout_basic, serial_shops,
          nicolae_shop_behind_doors, shop, shop, shop, shop,
          minmay_misc_feat_encased, minmay_misc_feat_doors, uniq_robin
D:4:      layout_loops_ring, mainiacjoe_overflow_24_doors, serial_park_tiny_1
D:5:      layout_loops_ring, minmay_temple_entry_nine_rooms, uniq_blork_the_orc,
          uniq_grinder, uniq_eustachio
D:6:      layout_layer_cave
D:7:      layout_loops_ring, nicolae_overflow_hidden_temple
D:8:      layout_rooms, grunt_temple_overflow_gold_and_silver,
          erik_lair_orcish_takeover, chequers_jeans
D:9:      layout_layer_cave, kennysheep_mini_moat, erik_orc_2, enter_bailey_3,
          uniq_prince_ribbit1
D:10:     layout_rooms, nicolae_ru_great_annihilating_truth
D:11:     layout_roguey, serial_bayou, serial_bayou_lake_a,
          serial_bayou_shore_a, serial_bayou_pond_b, serial_bayou_ford_a,
          serial_bayou_pond_d, nicolae_trove_entry_crossroad,
          nicolae_sif_muna_little_library, uniq_snorg
D:12:     lemuel_reptile_caves, layout_loops_corners, gauntlet_entry_generic,
          zin_scriptorium
Temple:   eino_narrow_crystal_temple
Gauntlet: minmay_gauntlet_mixed_oops_all_seconds
          [minmay_gauntlet_arena_77_p_blocks, nicolae_gauntlet_arena_grate_2,
          minmay_gauntlet_arena_77_shame_cube, nicolae_gauntlet_arena_blocks,
          minmay_gauntlet_arena_77_mess, gammafunk_gauntlet_arena_teeth,
          gauntlet_exit_hidden_loot]

Skill      XL: |  1  2  3  4  5  6  7  8  9 10 11 |
---------------+----------------------------------+-----
Axes           | 3 4 5 7 8 9 11 | 11.1
Fighting       | 4 5 6 7 8 9 10 | 10.7
Throwing       | 1 |  1.0
Armour         | 4 5 6 7 8 9 |  9.8
Shields        | 4 5 6 7 8 9 |  9.8
Ranged Weapons | 1 2 3 4 |  4.0
Invocations    | 3 5 7 9 |  9.1

Action                   |  1- 3 |  4- 6 |  7- 9 | 10-12 || total
-------------------------+-------+-------+-------+-------++-------
Melee: War axe           |    61 |   172 |       |       ||   233
       Hand axe          |       |    18 |   229 |   356 ||   603
 Fire: Sling             |       |       |       |   169 ||   169
Throw: Stone             |     3 |       |       |       ||     3
       Dart              |       |     6 |    24 |     9 ||    39
Invok: Line Pass         |       |       |       |     1 ||     1
Evoke: Wand              |       |       |       |     5 ||     5
  Use: Potion            |     1 |     3 |       |     6 ||    10
       Scroll            |       |     6 |     6 |    10 ||    22
 Stab: Paralysed         |       |       |    11 |    43 ||    54
Armor: Scale mail        |    34 |    40 |       |       ||    74
       Chain mail        |       |    70 |    36 |       ||   106
       Skin              |       |     6 |       |       ||     6
       Plate armour      |       |       |    87 |   176 ||   263
Dodge: Dodged            |    36 |    73 |    66 |    75 ||   250
Block: Buckler           |    13 |    51 |    51 |   106 ||   221

Table legend: (Time is in decaauts)
 A = Elapsed time spent in this place.
 B = Non-inter-level travel time spent in this place.
 C = Inter-level travel time spent in this place.
 D = Time resting spent in this place.
 E = Time spent auto-exploring this place.
 F = Levels seen in this place.
 G = Mean time per level.
                   A        B        C        D        E       F      G
               +--------+--------+--------+--------+--------+-----+--------+
         Total |  12427 |  11684 |    743 |    770 |   7981 |  15 |  828.5 |
       Dungeon |  11352 |  10616 |    736 |    770 |   7649 |  12 |  946.0 |
        Temple |     16 |      9 |      7 |      0 |      0 |   1 |   16.0 |
        Bailey |    862 |    862 |      0 |      0 |    192 |   1 |  862.0 |
      Gauntlet |    195 |    195 |      0 |      0 |    140 |   1 |  195.0 |
               +--------+--------+--------+--------+--------+-----+--------+

Top non-repeatable levels by time:
     D:9: 1712 daAuts
     D:3: 1701 daAuts
     D:6: 1277 daAuts
     D:5: 1125 daAuts
    D:11: 906 daAuts
     D:2: 865 daAuts
  Bailey: 862 daAuts
     D:7: 859 daAuts
     D:4: 816 daAuts
     D:8: 792 daAuts
     D:1: 741 daAuts
    D:10: 498 daAuts
Gauntlet: 195 daAuts
    D:12: 57 daAuts
  Temple: 16 daAuts
